 Dungeon Crawl Stone Soup version 0.30-a0-394-g3e4acdb0ae (webtiles) character file.

Game seed: 6659223637803139576

78887 sokol815 the Unseen (level 16, 0/108 HPs)
             Began as a Kobold Delver on Dec 6, 2022.
             Was the Champion of Dithmenos.
             Killed from afar by Azrael (29 damage)
             ... with damnation
             ... on level 15 of the Dungeon on Dec 7, 2022.
             The game lasted 01:22:11 (27431 turns).

sokol815 the Unseen (Kobold Delver)                Turns: 27431, Time: 01:22:12

Health: 0/108      AC: 15    Str:  9    XL:     16   Next: 9%
Magic:  17/20      EV: 30    Int: 13    God:    Dithmenos [******]
Gold:   2046       SH: 11    Dex: 23    Spells: 12/15 levels left

rFire   + . .      SeeInvis +    a - +5 dagger (venom)
rCold   + . .      Faith    .    o - +3 warlock's mirror {reflect}
rNeg    . . .      Spirit   .    w - +1 robe {rC+}
rPois   .          Reflect  +    x - +2 helmet
rElec   .          Harm     .    k - +2 cloak of the Thief {*Fog Slay-2 SInv Stlth+}
rCorr   .          Rampage  .    l - +2 pair of gloves {rF+}
Will    ++...                    Z - +2 pair of boots Stlth *******+++
                                 g - amulet of regeneration
HPRegen 1.18/turn                v - +4 ring of evasion
MPRegen 0.17/turn                W - ring of willpower

@: confusing by touch, wreathed by umbra, studying Armour
A: small, no large weapons, nightstalker 3
a: Renounce Religion, Shadow Step, Shadow Form


You were on level 15 of the Dungeon.
You worshipped Dithmenos.
Dithmenos was exalted by your worship.
You visited 4 branches of the dungeon, and saw 23 of its levels.

You collected 3342 gold pieces.
You spent 1296 gold pieces at shops.

Inventory:

Hand Weapons
 a - a +5 dagger of venom (weapon)
   (You found it on level 7 of the Dungeon)
 b - the +5 rapier of Courage {drain, rCorr Int+3}
   (You bought it in a shop on level 12 of the Dungeon)

   A truly terrible weapon, it drains the life of any living foe it strikes.
   Int:       It affects your intelligence (+3).
   rCorr:     It protects you from acid and corrosion.
 c - a +3 dagger of holy wrath
   (You took it off Dowan on level 6 of the Dungeon)
 r - a +1 whip of electrocution
   (You took it off Pikel on level 8 of the Dungeon)
 z - a +2 sling of freezing
   (You took it off Joseph on level 9 of the Dungeon)
 A - a +2 dagger of speed
   (You took it off an orc wizard on level 2 of the Orcish Mines)
Missiles
 f - 3 throwing nets {!d}
 s - 143 stones
 O - 19 boomerangs
Armour
 k - the +2 cloak of the Thief (worn) {*Fog Slay-2 SInv Stlth+}
   (You bought it in a shop on level 3 of the Dungeon)

   It may release a thick cloud of smoke when the wearer is hurt.
   Slay:      It affects your accuracy & damage with ranged weapons and melee
   (-2).
   SInv:      It lets you see invisible.
   Stlth:     It makes you more stealthy.
 l - a +2 pair of gloves of fire resistance (worn)
   (You bought it in a shop on level 10 of the Dungeon)
 o - the +3 warlock's mirror (worn) {reflect}
   (You acquired it on level 13 of the Dungeon)

   It can block and reflect piercing ranged attacks and magical attacks against
   the wielder's willpower.
 w - a +1 robe of cold resistance (worn)
   (You took it off Fannar on level 3 of the Lair of Beasts)
 x - a +2 helmet (worn)
   (You found it on level 6 of the Dungeon)
 Z - a +2 pair of boots (worn)
   (You found it on level 3 of the Lair of Beasts)
Jewellery
 g - an amulet of regeneration (around neck)
   (You found it on level 5 of the Dungeon)
 v - a +4 ring of evasion (left hand)
   (You found it on level 3 of the Dungeon)
 C - a ring of protection from cold {rC+, !d}
   (You found it on level 10 of the Dungeon)
 P - a ring of poison resistance {rPois, !d}
   (You found it on level 3 of the Lair of Beasts)
 W - a ring of willpower (right hand)
   (You found it on level 6 of the Dungeon)
Wands
 d - a wand of digging (1)
 e - a wand of charming (12)
   (You found it on level 11 of the Dungeon)
 h - a wand of acid (11)
   (You found it on level 2 of the Dungeon)
 q - a wand of flame (37)
   (You found it on level 1 of the Lair of Beasts)
 Q - a wand of roots (14)
   (You found it on level 9 of the Dungeon)
Scrolls
 j - 8 scrolls of identify {@r1}
 t - 4 scrolls of poison {!r}
 u - 2 scrolls of enchant armour
 y - a scroll of silence {unknown}
 D - a scroll of brand weapon {unknown}
 E - a scroll of fear
 F - 5 scrolls of fog
 K - 5 scrolls of immolation {!r}
 S - a scroll of summoning
 V - 4 scrolls of vulnerability {!r!r}
 X - 5 scrolls of magic mapping {@r4!r}
 Y - 7 scrolls of teleportation {@r3}
Potions
 i - 2 potions of magic
 n - 4 potions of cancellation
 p - 3 potions of attraction {!q}
 B - 2 potions of brilliance
 H - a potion of haste
 I - a potion of invisibility
 J - 10 potions of curing {@q1}
 L - a potion of flight
 M - a potion of might
 N - 5 potions of heal wounds {@q2}
 R - a potion of resistance
 T - 2 potions of berserk rage {!q}
 U - 4 potions of mutation {!q}
Miscellaneous
 m - a phantom mirror
   (You found it on level 12 of the Dungeon)


   Skills:
 - Level 15.0 Fighting
 - Level 14.0 Short Blades
 + Level 13.1 Dodging
 - Level 18.0 Stealth
 - Level 6.0 Shields
 * Level 7.9 Hexes
 - Level 6.0 Invocations
 - Level 10.0 Evocations


You had 12 spell levels left.
You knew the following spells:

 Your Spells              Type           Power      Damage    Failure   Level
a - Confusing Touch       Hex            20%        N/A       4%          3

Your spell library contained the following spells:

 Spells                   Type           Power      Damage    Failure   Level
 Tukima's Dance           Hex            20%        N/A       4%          3
 Portal Projectile        Hex/Tloc       20%        N/A       26%         3
 Summon Guardian Golem    Hex/Summ       10%        N/A       26%         3
 Kiss of Death            Conj/Necr      0%         2d5       41%         1
 Summon Small Mammal      Summ           0%         N/A       41%         1
 Sublimation of Blood     Necr           0%         N/A       54%         2
 Leda's Liquefaction      Hex/Erth       5%         N/A       65%         4
 Call Canine Familiar     Summ           0%         N/A       78%         3
 Hailstorm                Conj/Ice       0%         3d3       78%         3
 Yara's Violent Unravell  Hex/Tmut       5%         3d4       94%         5
 Dispel Undead            Necr           0%         3d6       99%         4
 Ice Form                 Ice/Tmut       0%         N/A       99%         4
 Passage of Golubria      Tloc           0%         N/A       99%         4
 Petrify                  Tmut/Erth      0%         N/A       99%         4
 Blade Hands              Tmut           0%         N/A       100%        5
 Irradiate                Conj/Tmut      0%         3d11      100%        5
 Lee's Rapid Deconstruct  Erth           0%         3d4*      100%        5
 Simulacrum               Ice/Necr       0%         N/A       100%        6
 Statue Form              Tmut/Erth      0%         N/A       100%        6


Dungeon Overview and Level Annotations

Branches:
Dungeon (15/15) Zot: 26070  Temple (1/1) D:7 Zot: 5806    Lair (5/5) D:8 Zot: 23549
  Swamp (0/4) Lair:3       Spider (0/4) Lair:2        Slime (0/5) Lair:4
    Orc (2/2) D:10 Zot: 9964     Elf (0/3) Orc:2        Vaults (0/5) D:13
 Depths: D:15

Altars:
Ashenzari
Cheibriados
Dithmenos
Elyvilon
Fedhas
Gozag
Hepliaklqana
Kikubaaqudgha
Makhleb
Nemelex Xobeh
Okawaru
Qazlal
Ru
Trog
Uskayaw
Vehumet
Wu Jian
Xom
Yredelemnul
Zin
The Shining One

Shops:
D:3 (**   D:7 !   D:10 *   D:12 (   Orc:2 (!*=!

Annotations:
D:10 3 runed translucent doors
D:15 Azrael
Lair:1 exclusion: 2 oklob plants
Lair:3 3 runed translucent doors, Sabo's ghost, journeyman GrBe


Innate Abilities, Weirdness & Mutations

You are small and have problems with some larger weapons.
You are completely attuned to the shadows.


Message History

Your shadow closely misses the fire elemental.
You hit the fire elemental.
You destroy the fire elemental!
Dithmenos accepts your kill. You block Azrael's attack.
The cyclops throws a large rock.
The large rock hits you!
Things that are here:
a hell hound corpse; a hell hound corpse You take 10 damage, and have 85/108 hp.
You hit Azrael but do no damage. Azrael completely misses you.
You hit Azrael but do no damage. You block Azrael's attack.
You hit Azrael but do no damage.
Your shadow closely misses Azrael.
The cyclops throws a large rock.
The large rock completely misses you.
Azrael's eyes look fiery.
You hit Azrael.
Your shadow hits Azrael but does no damage.
Azrael gestures at you. The bolt of fire hits you! You resist.
With a swish of your cloak, you release a cloud of fog.
You take 11 damage, and have 77/108 hp.
You hit Azrael but do no damage.
Your shadow barely misses Azrael.
You hit Azrael.
Your shadow hits Azrael but does no damage.
Azrael gestures at you.
The fireball explodes!
The fireball engulfs you! You resist.
With a swish of your cloak, you release a cloud of fog.
The fireball engulfs Azrael.
Azrael completely resists.
You take 12 damage, and have 66/108 hp.
You hit Azrael but do no damage.
Your shadow hits Azrael but does no damage.
Azrael gestures at you.
The fireball explodes!
The fireball engulfs you! You resist.
With a swish of your cloak, you release a cloud of fog.
The fireball engulfs Azrael.
Azrael completely resists.
You take 10 damage, and have 56/108 hp.
You are too injured to fight recklessly!
You are too injured to fight recklessly!
You are too injured to fight recklessly!
You are too injured to fight recklessly!
You are too injured to fight recklessly!
You hit Azrael but do no damage.
Your shadow barely misses Azrael.
You hit Azrael but do no damage. You block Azrael's attack.
You hit Azrael.
You can't see that place. [the floor.] Unknown command.
You barely miss Azrael.
Your shadow barely misses Azrael.
Azrael closely misses you.
You hit Azrael but do no damage. You hit Azrael but do no damage.
Azrael hits you with a +0 scimitar of flaming.
You take 1 damage, and have 58/108 hp.
You hit Azrael.
Your shadow hits Azrael but does no damage.
You barely miss Azrael. Azrael hits you but does no damage.
You hit Azrael but do no damage.
Your shadow hits Azrael but does no damage.
You barely miss Azrael.
Your shadow hits Azrael but does no damage.
Azrael hits you but does no damage.
You hit Azrael. You block Azrael's attack.
You hit Azrael but do no damage.
Your shadow hits Azrael but does no damage.
You barely miss Azrael.
Your shadow hits Azrael but does no damage.
You block Azrael's attack.
You hit Azrael but do no damage. Your shadow hits Azrael with a dagger.
You completely miss Azrael.
Your shadow hits Azrael but does no damage.
You block Azrael's attack.
You hit Azrael but do no damage.
Your shadow hits Azrael but does no damage.
You hit Azrael but do no damage.
Azrael is poisoned.
Azrael hits you with a +0 scimitar of flaming!
With a swish of your cloak, you release a cloud of fog.
You take 13 damage, and have 51/108 hp.
You barely miss Azrael.
Your shadow hits Azrael but does no damage.
Azrael gestures at you. The bolt of fire hits you! You resist.
With a swish of your cloak, you release a cloud of fog.
You take 14 damage, and have 37/108 hp.
You hit Azrael. You barely miss Azrael. Your shadow hits Azrael with a dagger.
You block Azrael's attack.
You hit Azrael but do no damage. You hit Azrael.
Your shadow hits Azrael but does no damage.
Azrael closely misses you.
You puncture Azrael! Your shadow hits Azrael with a dagger.
Your hands begin to glow red.
Azrael gestures at you. The bolt of fire hits you! You resist.
* * * LOW HITPOINT WARNING * * *
You take 12 damage, and have 28/108 hp.
You now have 17/20 mp.
You hit Azrael but do no damage.
Your shadow hits Azrael but does no damage.
Azrael gestures at you.
The sphere of damnation explodes!
The damnation engulfs you!!
You die...

.)..............#...#..'....
)...............#...#..####+
................###.#......
..........##'##...#'#......
..........#...#............
###.......#...#............
..#.......#...#.........###
..#.......#...########..#
..#.......#...§§@RC§.#..#
..###.....#..#####§§.#..#
....#...###..# #...#..#
......8.#....# #...#..#
...88...#....# #...##°#######
.....88.#....+ #...hh○.○......
......8.#....#####....#☼○........
....#...+.............###R.......
.. .....###...○○....8..


You could see Azrael (very poisoned) and a cyclops.

Vanquished Creatures
  An ice dragon (Lair:5)
  4 hydras
  Fannar (Lair:3)
  3 vault guards (D:13)
  An ogre mage (D:15)
  2 catoblepae (Lair:5)
  2 centaur warriors
  A boulder beetle (Lair:4)
  9 two-headed ogres
  8 death yaks
  4 orc high priests
  2 skeletal warriors
  2 orc knights
  Pikel (D:8)
  3 lindwurms (Lair:5)
  A deep elf pyromancer (D:13)
  A necromancer (D:11)
  10 ugly things
  5 manticores
  2 cyclopes
  An orc sorcerer (Orc:2)
  3 black mambas
  12 elephants (Lair:5)
  Joseph (D:9)
  13 cane toads
  6 torpor snails
  A gargoyle (D:13)
  An unseen horror (D:11)
  8 rime drakes
  A kobold demonologist (D:11)
  An efreet (D:11)
  8 komodo dragons
  4 trolls
  4 meliai
  3 tyrant leeches (Lair:5)
  8 hornets (Lair:5)
  23 blink frogs
  6 slime creatures
  8 dream sheep
  A meliai zombie (D:15)
  4 wyverns
  2 wraiths
  3 shadows
  35 yaks
  A yak (shapeshifter) (D:14)
  2 basilisks
  3 fire elementals (D:15)
  8 humans (D:13)
  4 vampire mosquitoes (D:10)
  A steam dragon (Lair:2)
  3 acid dragons
  Duvessa (D:6)
  A swamp worm (Lair:3)
  4 hell hounds (D:15)
  11 water moccasins
  A sky beast (D:8)
  An ice beast (D:6)
  18 orc warriors
  A black bear (D:6)
  5 ogres
  8 wolves
  11 centaurs
  3 lemures (D:8)
  A kobold brigand (D:11)
  A necrophage (D:4)
  8 bullfrogs
  A gnoll sergeant (D:9)
  2 scorpions
  8 wights (D:8)
  Dowan (D:6)
  21 killer bees
  2 howler monkeys
  8 jellies
  24 orc priests
  5 hounds
  A gnoll bouda (Orc:2)
  Jessica (D:14)
  22 orc wizards
  5 iguanas
  2 polar bear simulacra (D:11)
  3 yak simulacra (D:11)
  3 wolf simulacra (D:11)
  Robin (D:3)
  9 gnolls
  10 adders
  A shadow imp (D:6)
  2 white imps (D:7)
  An ufetubus (D:6)
  A dart slug (D:3)
  46 orcs
  9 ball pythons
  19 endoplasms
  3 giant cockroaches
  13 goblins
  6 hobgoblins
  4 jackals (D:1)
  5 quokkas
  8 bats
  6 frilled lizards
  9 kobolds
  4 rats (D:1)
  3 river rat simulacra (D:11)
586 creatures vanquished.

Vanquished Creatures (others)
  A human (D:13)
  41 fungi
  52 plants
  5 withered plants (D:15)
99 creatures vanquished.

Grand Total: 685 creatures vanquished

Notes
Turn   | Place    | Note
-------+----------+-------------------------------------------
     0 | D:5      | sokol815 the Kobold Delver began the quest for the Orb.
     0 | D:5      | Reached XP level 1. HP: 14/14 MP: 1/1
    66 | D:5      | Noticed an iguana
   122 | D:5      | Noticed a hound
   147 | D:5      | Noticed an iguana
   213 | D:5      | Noticed an iguana
   244 | D:4      | Reached skill level 3 in Short Blades
   244 | D:4      | Reached XP level 2. HP: 19/19 MP: 2/2
   245 | D:4      | Noticed a necrophage
   570 | D:1      | Reached XP level 3. HP: 23/23 MP: 3/3
   679 | D:1      | Reached skill level 3 in Dodging
   833 | D:1      | Reached skill level 7 in Stealth
  1605 | D:2      | Reached XP level 4. HP: 29/29 MP: 4/4
  1835 | D:2      | Found a faded altar of an unknown god.
  2105 | D:3      | Reached skill level 4 in Short Blades
  2120 | D:3      | Found Hehipil's Assorted Antiques.
  2138 | D:3      | Found Xog Loin's Assorted Antiques.
  2280 | D:3      | Found Zoenemna's Weapon Boutique.
  2299 | D:3      | Bought a smoky black potion for 19 gold pieces
  2697 | D:3      | Noticed Robin
  2711 | D:3      | Killed Robin
  2723 | D:3      | Reached XP level 5. HP: 29/33 MP: 5/5
  2734 | D:3      | Reached skill level 4 in Fighting
  3257 | D:4      | HP: 3/33 [orc priest/divine providence (10)]
  3377 | D:4      | Reached skill level 5 in Short Blades
  3377 | D:4      | Reached skill level 4 in Dodging
  3377 | D:4      | Reached XP level 6. HP: 31/38 MP: 6/6
  3735 | D:5      | Found a shimmering altar of Xom.
  3797 | D:5      | HP: 8/38 [acid (3)]
  3881 | D:5      | Reached skill level 6 in Short Blades
  4010 | D:5      | Reached skill level 8 in Stealth
  4189 | D:5      | Reached XP level 7. HP: 43/43 MP: 7/7
  4227 | D:5      | Reached skill level 7 in Short Blades
  4476 | D:6      | Reached skill level 8 in Short Blades
  4598 | D:6      | Reached skill level 9 in Stealth
  4598 | D:6      | Reached XP level 8. HP: 43/48 MP: 8/8
  4744 | D:6      | Noticed Duvessa
  4747 | D:6      | Noticed Dowan
  4748 | D:6      | Killed Duvessa
  4749 | D:6      | Reached skill level 9 in Short Blades
  4768 | D:6      | Killed Dowan
  4986 | D:6      | Identified a scroll of acquirement
  4986 | D:6      | Acquired 1044 gold pieces
  5067 | D:3      | Bought the +2 cloak of the Thief {*Fog Slay-2 SInv Stlth+}
                  | for 402 gold pieces
  5067 | D:3      | Found the +2 cloak of the Thief {*Fog Slay-2 SInv Stlth+}
  5369 | D:6      | Reached skill level 10 in Short Blades
  5369 | D:6      | Reached skill level 10 in Stealth
  5623 | D:7      | Found a staircase to the Ecumenical Temple.
  5629 | Temple   | Entered the Ecumenical Temple
  5849 | D:7      | Noticed a yak
  5850 | D:7      | Noticed a yak
  5851 | D:7      | Noticed a yak
  5851 | D:7      | Noticed a yak
  5874 | D:7      | Noticed a yak
  5904 | D:7      | Killed a yak
  5908 | D:7      | Noticed a yak
  5934 | D:7      | Killed a yak
  5935 | D:7      | Reached skill level 5 in Fighting
  5935 | D:7      | Reached XP level 9. HP: 38/54 MP: 9/9
  5958 | D:7      | HP: 20/81 [yak (3)]
  5965 | D:7      | Reached skill level 11 in Stealth
  5967 | D:7      | Reached skill level 6 in Fighting
  5971 | D:7      | HP: 13/56 [yak (7)]
  5976 | D:7      | Reached skill level 12 in Stealth
  6548 | D:7      | Reached skill level 7 in Fighting
  6648 | D:7      | Found a shadowy altar of Dithmenos.
  6703 | D:7      | Found Lapyutorph's Distillery.
  6915 | D:8      | Noticed a komodo dragon
  6939 | D:8      | Killed a komodo dragon
  6940 | D:8      | Reached skill level 13 in Stealth
  6968 | D:8      | Reached XP level 10. HP: 63/64 MP: 10/10
  7008 | D:8      | Reached skill level 8 in Fighting
  7376 | D:8      | Reached skill level 14 in Stealth
  7394 | D:8      | Reached skill level 9 in Fighting
  7853 | D:8      | Found a staircase to the Lair.
  8625 | D:7      | Became a worshipper of Dithmenos the Shadowed
  8951 | D:9      | Noticed Pikel
  8956 | D:9      | Reached skill level 15 in Stealth
  9002 | D:9      | Found an ancient bone altar of Kikubaaqudgha.
  9007 | D:9      | Reached skill level 10 in Fighting
  9132 | D:8      | Killed Pikel
  9315 | D:9      | Reached XP level 11. HP: 64/72 MP: 11/11
  9325 | D:9      | Reached skill level 16 in Stealth
  9544 | D:9      | Reached skill level 1 in Evocations
  9676 | D:9      | Noticed Joseph
  9680 | D:9      | Killed Joseph
  9681 | D:9      | Reached skill level 1 in Shields
  9934 | D:10     | Entered Level 10 of the Dungeon
  9953 | D:10     | Noticed a two-headed ogre
  9957 | D:10     | Killed a two-headed ogre
  9958 | D:10     | Reached skill level 2 in Shields
  9958 | D:10     | Reached skill level 2 in Evocations
 10078 | D:10     | Noticed a two-headed ogre
 10101 | D:10     | Killed a two-headed ogre
 10102 | D:10     | Reached skill level 5 in Dodging
 10135 | D:10     | Found a bloodstained altar of Trog.
 10166 | D:10     | Noticed a two-headed ogre
 10170 | D:10     | Killed a two-headed ogre
 10170 | D:10     | Reached * piety under Dithmenos
 10171 | D:10     | Reached skill level 3 in Shields
 10171 | D:10     | Reached skill level 3 in Evocations
 10464 | D:10     | Found a staircase to the Orcish Mines.
 10504 | D:10     | Found an ornate altar of the Wu Jian Council.
 10627 | D:10     | Found a runed translucent gate.
 10627 | D:10     | Found a runed translucent gate.
 10628 | D:10     | Found a runed translucent gate.
 10842 | D:10     | Found Badudic's Fire Supplies.
 10848 | D:10     | Bought a +2 pair of gloves of fire resistance for 301 gold
                  | pieces
 10952 | D:10     | Found a snail-covered altar of Cheibriados.
 11411 | Lair:1   | Entered Level 1 of the Lair of Beasts
 11528 | Lair:1   | Noticed an oklob plant
 11533 | Lair:1   | Noticed an oklob plant
 11551 | Lair:1   | Reached skill level 4 in Evocations
 11667 | Lair:1   | You fall into a shaft and drop 1 floor!
 11684 | Lair:2   | Reached skill level 4 in Shields
 11729 | Lair:2   | Reached skill level 6 in Dodging
 11929 | Lair:2   | Reached skill level 11 in Fighting
 11929 | Lair:2   | Reached XP level 12. HP: 78/80 MP: 12/12
 12826 | Lair:2   | Reached skill level 1 in Invocations
 13028 | Lair:2   | Found a hole to the Spider Nest.
 13288 | Lair:2   | Reached skill level 7 in Dodging
 13288 | Lair:2   | Reached skill level 2 in Invocations
 13354 | Lair:2   | Reached skill level 17 in Stealth
 13415 | Lair:2   | Reached ** piety under Dithmenos
 13573 | Lair:3   | Reached skill level 5 in Evocations
 13667 | Lair:3   | Noticed Fannar
 13673 | Lair:3   | Killed Fannar
 13686 | Lair:3   | Reached skill level 3 in Invocations
 13949 | Lair:3   | Found a runed translucent gate.
 13950 | Lair:3   | Found a runed translucent gate.
 13950 | Lair:3   | Noticed a nine-headed hydra
 13950 | Lair:3   | Noticed Sabo's ghost (journeyman GrBe)
 13951 | Lair:3   | Found a runed translucent gate.
 13951 | Lair:3   | Noticed an 11-headed hydra
 14077 | Lair:3   | Reached skill level 8 in Dodging
 14077 | Lair:3   | Reached skill level 6 in Evocations
 14190 | Lair:3   | Noticed an eight-headed hydra
 14212 | Lair:3   | Killed an eight-headed hydra
 14332 | Lair:3   | Noticed an eight-headed hydra
 14334 | Lair:3   | Killed an eight-headed hydra
 14335 | Lair:3   | Reached skill level 12 in Fighting
 14341 | Lair:3   | Found a staircase to the Swamp.
 14484 | Lair:4   | Reached XP level 13. HP: 86/86 MP: 15/15
 14507 | Lair:4   | Reached skill level 9 in Dodging
 14507 | Lair:4   | Reached skill level 18 in Stealth
 14508 | Lair:4   | Reached *** piety under Dithmenos
 14535 | Lair:4   | HP: 20/87 [poisoned by a black mamba]
 14538 | Lair:4   | HP: 7/87 [rime drake/icy flash freeze (16)]
 14910 | Lair:3   | Reached skill level 10 in Dodging
 14911 | Lair:3   | Reached skill level 13 in Fighting
 15561 | D:11     | Reached skill level 14 in Fighting
 15612 | D:11     | Reached **** piety under Dithmenos
 16320 | Orc:1    | Entered Level 1 of the Orcish Mines
 16925 | Orc:2    | Entered Level 2 of the Orcish Mines
 17143 | Orc:2    | Found a staircase to the Elven Halls.
 17269 | Orc:2    | Reached ***** piety under Dithmenos
 17327 | Orc:2    | Reached skill level 15 in Fighting
 17596 | Orc:2    | Found Wued's Antique Weapon Emporium.
 17855 | Orc:2    | Reached XP level 14. HP: 88/98 MP: 16/16
 17896 | Orc:2    | Found a burning altar of Makhleb.
 17933 | Orc:2    | Reached skill level 5 in Shields
 18286 | Orc:2    | Found Libbamuzinu's Distillery.
 18287 | Orc:2    | Found Ryboliel's Jewellery Emporium.
 18289 | Orc:2    | Found Ziefodeu's Distillery.
 18289 | Orc:2    | Found Oloph's Assorted Antiques.
 18306 | Orc:2    | Bought a distressingly furry cloak for 313 gold pieces
 18306 | Orc:2    | Identified the +1 cloak of Going Fast {rPois Dex+2} (You
                  | bought it in a shop on level 2 of the Orcish Mines)
 18830 | D:12     | Found Puphut Ulif's Antique Weapon Shop.
 18834 | D:12     | Bought a faintly glowing rapier for 261 gold pieces
 18834 | D:12     | Identified the +5 rapier of Courage {drain, rCorr Int+3}
                  | (You bought it in a shop on level 12 of the Dungeon)
 19663 | D:12     | Reached skill level 11 in Dodging
 19813 | D:12     | Reached skill level 7 in Evocations
 21508 | D:13     | Reached skill level 4 in Invocations
 21524 | D:13     | Reached skill level 11 in Short Blades
 21612 | D:13     | Learned a level 3 spell: Confusing Touch
 21622 | D:13     | Found a gate to the Vaults.
 21639 | D:13     | Identified the +10 great mace of Death's Door {venom, rF+
                  | rC+ rN+ rCorr}
 21691 | D:13     | Acquired the +3 warlock's mirror {reflect}
 21691 | D:13     | Found the +3 warlock's mirror {reflect}
 22036 | D:14     | Reached skill level 1 in Hexes
 22863 | D:14     | Found a sparkling altar of Nemelex Xobeh.
 22863 | D:14     | Noticed Jessica
 22867 | D:14     | Killed Jessica
 23168 | Lair:4   | Reached skill level 2 in Hexes
 23198 | Lair:4   | Identified the +6 dire flail "Ystukkoi" {freeze, Will+
                  | Str+3}
 23302 | Lair:4   | Found a staircase to the Slime Pits.
 23444 | Lair:4   | Reached skill level 8 in Evocations
 23660 | Lair:4   | Reached skill level 6 in Shields
 23697 | Lair:4   | Reached skill level 3 in Hexes
 23697 | Lair:4   | Reached skill level 5 in Invocations
 23875 | Lair:4   | Reached skill level 12 in Short Blades
 24336 | Lair:5   | Entered Level 5 of the Lair of Beasts
 24633 | Lair:5   | Reached XP level 15. HP: 103/103 MP: 18/18
 24794 | Lair:5   | Reached skill level 4 in Hexes
 24822 | Lair:5   | Reached ****** piety under Dithmenos
 24856 | Lair:5   | Reached skill level 12 in Dodging
 25165 | Lair:5   | Found a runed translucent door.
 25254 | Lair:5   | Reached skill level 5 in Hexes
 25289 | Lair:5   | Reached skill level 13 in Short Blades
 25321 | Lair:5   | Reached skill level 9 in Evocations
 25322 | Lair:5   | Reached skill level 6 in Invocations
 25719 | Lair:5   | Reached skill level 6 in Hexes
 26334 | D:15     | Entered Level 15 of the Dungeon
 26400 | D:14     | Reached skill level 14 in Short Blades
 26423 | D:14     | HP: 22/103 [skeletal warrior/+0 scimitar (17)]
 26664 | D:14     | Reached skill level 7 in Hexes
 26841 | D:15     | Reached skill level 10 in Evocations
 26841 | D:15     | Reached XP level 16. HP: 95/108 MP: 16/20
 26987 | D:15     | Reached skill level 13 in Dodging
 27291 | D:15     | Noticed Azrael
 27431 | D:15     | Killed from afar by Azrael

Illustrated notes

Levels and vault maps discovered:
D:1:      tarquinn_simple_flora_water_a, layout_loops_corners,
          minmay_tromino_v4_c
D:2:      layout_loops_cross, chequers_ecumenical_altar_simple,
          due_unseen_surprise
D:3:      layout_loops_corners, serial_shops, nicolae_shop_window_shopping,
          nicolae_shop_advertising_works [nicolae_subvault_shop_adworks],
          nicolae_shop_crystal, serial_glass, glass_columns_c, glass_columns_a,
          uniq_robin
D:4:      layout_loops_cross
D:5:      layout_basic, mainiacjoe_overflow_catwalk
D:6:      layout_basic, corexii_shack, minmay_misc_feat_columns, uniq_duvessa
D:7:      layout_cave_pods, grunt_dithmenos_smoke, minmay_temple_entry_hall,
          serial_column_ruins, column_ruins_open_small, column_ruins_grid_1,
          column_ruins_columns_corner, nicolae_take_the_stairs
D:8:      layout_loops_corners, grunt_lair_entry_orc_guard_hut,
          minmay_misc_feat_tiny, minmay_splitting_lines, item_on_display_a
D:9:      layout_cave_pools, mainiacjoe_overflow_alcove_2, uniq_pikel,
          uniq_joseph
D:10:     layout_cave_pods, kennysheep_mini, lemuel_tele_altar,
          mainiacjoe_overflow_paths, mainiacjoe_overflow_concentric_impassable,
          gammafunk_ghost_necromancy, nicolae_shop_fire_sale
          [nicolae_sub_dead_trees]
D:11:     layout_long_grid, eino_house_with_fridge
D:12:     layout_grid_maze, serial_shops, shop
D:13:     layout_loops_corners, ximxim_vaults_locker_room
D:14:     layout_basic, nemelex_lonely_heart_becter, kennysheep_pointless_box
D:15:     hangedman_depths_entry_try_elsewhere_first, layout_irregular_city,
          serial_undead, serial_undead_e, serial_undead_c, serial_undead_f,
          serial_undead_c, serial_undead_d, serial_undead_c,
          minmay_misc_feat_secret_circle, nrook_guardian_serpent_ordinary,
          uniq_azrael
Temple:   bh_familiar_temple
Lair:1:   dpeg_oklob_gauntlet, layout_gridlike, hibernation_bobbens,
          infiniplex_staircase_pool
Lair:2:   lemuel_slime, layout_regular_city, hellmonk_spider_entry_not_the_bees,
          st_stairs_4, chequers_serial_rivers_room_b
Lair:3:   layout_loops_ring, palyth_hydra_swamp_entry,
          gammafunk_ghost_hydra_chop, beast_lair_carwin_6, uniq_fannar
Lair:4:   layout_loops_ring, slime_entry_1, minmay_lair_drake_nest
Lair:5:   wormcave, layout_big_grid, hangedman_lair_in_review,
          chequers_serial_rivers_large_b
Orc:1:    layout_diamond_mine
Orc:2:    st_orc_mages, layout_caves, basic_altar, serial_shops,
          nicolae_shop_waterfront

Skill      XL: |  1  2  3  4  5  6  7  8  9 10 11 12 13 14 15 16 |
---------------+-------------------------------------------------+-----
Short Blades   | 3 4 5 6 8 10 12 14 | 14.0
Dodging        | 3 4 6 8 10 11 12 13 | 13.1
Stealth        | 7 8 9 10 13 15 16 17 18 | 18.0
Fighting       | 4 5 7 10 11 12 15 | 15.0
Evocations     | 4 6 8 10 | 10.0
Shields        | 4 6 |  6.0
Invocations    | 3 5 6 |  6.0
Hexes          | 3 7 |  7.9

Action                   |  1- 3 |  4- 6 |  7- 9 | 10-12 | 13-15 | 16-18 || total
-------------------------+-------+-------+-------+-------+-------+-------++-------
Melee: Short sword       |    78 |   182 |   149 |       |       |       ||   409
       Punch             |     1 |     3 |     8 |     6 |       |       ||    18
       Dagger            |       |       |   239 |   912 |  2221 |   156 ||  3528
       Whip              |       |       |       |    39 |       |       ||    39
Throw: Stone             |     4 |       |       |       |       |       ||     4
       Boomerang         |       |     5 |       |       |       |       ||     5
       Dart              |       |       |     3 |     2 |       |       ||     5
 Cast: Confusing Touch   |       |       |       |       |     1 |     2 ||     3
Evoke: Wand              |       |     1 |     6 |     8 |     2 |       ||    17
  Use: Scroll            |     6 |     4 |     5 |    15 |     6 |       ||    36
       Potion            |       |     2 |     3 |     1 |     1 |       ||     7
 Stab: Sleeping          |    22 |    19 |    17 |    34 |    99 |     5 ||   196
       Distracted        |       |       |       |     4 |    17 |     1 ||    22
       Petrified         |       |       |       |       |     2 |       ||     2
       Confused          |       |       |       |       |     1 |     2 ||     3
       Petrifying        |       |       |       |       |     1 |       ||     1
Armor: Leather armour    |     9 |       |       |       |       |       ||     9
       Ring mail         |     1 |    35 |    55 |    36 |       |       ||   127
       Skin              |       |       |    26 |       |       |       ||    26
       Robe              |       |       |       |    54 |   152 |     7 ||   213
Dodge: Dodged            |    40 |    99 |   205 |   490 |  1064 |    72 ||  1970
Block: Buckler           |       |       |       |   166 |   689 |    57 ||   912
       Reflection        |       |       |       |       |     7 |     2 ||     9

Table legend: (Time is in decaauts)
 A = Elapsed time spent in this place.
 B = Non-inter-level travel time spent in this place.
 C = Inter-level travel time spent in this place.
 D = Time resting spent in this place.
 E = Time spent auto-exploring this place.
 F = Levels seen in this place.
 G = Mean time per level.
                   A        B        C        D        E       F      G
               +--------+--------+--------+--------+--------+-----+--------+
         Total |  25800 |  22943 |   2857 |   1120 |  16366 |  23 | 1121.7 |
       Dungeon |  17121 |  15021 |   2100 |    642 |  11231 |  15 | 1141.4 |
        Temple |    193 |    182 |     11 |      0 |    177 |   1 |  193.0 |
          Lair |   6450 |   5815 |    635 |    335 |   3854 |   5 | 1290.0 |
  Orcish Mines |   2035 |   1925 |    110 |    143 |   1104 |   2 | 1017.5 |
               +--------+--------+--------+--------+--------+-----+--------+

Top non-repeatable levels by time:
     D:8: 1785 daAuts
    D:10: 1713 daAuts
  Lair:5: 1597 daAuts
    D:12: 1524 daAuts
    D:13: 1381 daAuts
  Lair:2: 1309 daAuts
   Orc:2: 1280 daAuts
  Lair:4: 1273 daAuts
  Lair:3: 1265 daAuts
     D:7: 1186 daAuts
    D:14: 1148 daAuts
     D:1: 1116 daAuts
    D:11: 1095 daAuts
     D:3: 1080 daAuts
  Lair:1: 1004 daAuts

Table legend:
 A = Kills in this place as a percentage of kills in entire the game.
 B = Kills by you in this place as a percentage of kills by you in the entire game.
 C = Kills by friends in this place as a percentage of kills by friends in the entire game.
 D = Other kills in this place as a percentage of other kills in the entire game.
 E = Experience gained in this place as a percentage of experience gained in the entire game.
 F = Experience gained in this place divided by the number of levels of this place that you have seen.
                   A       B       C       D       E      F
               +-------+-------+-------+-------+-------+----------------------
         Total | 100.0 | 100.0 |   N/A |   N/A | 100.0 | 4899.9
       Dungeon |  55.9 |  55.9 |   N/A |   N/A |  42.7 | 3210.9
          Lair |  28.8 |  28.8 |   N/A |   N/A |  48.9 | 11021.6
  Orcish Mines |  15.3 |  15.3 |   N/A |   N/A |   8.4 | 4712.5
               +-------+-------+-------+-------+-------+----------------------
